 Dungeon Crawl Stone Soup version 0.27-a0-1158-gaa87e14f67 (webtiles) character file.

Game seed: 981361389441243193

42069 leviel the Brawler (level 13, -3/128 HPs)
             Began as a Troll Monk on May 15, 2021.
             Was a Follower of Jiyva.
             Succumbed to a black mamba's poison
             ... on level 5 of the Lair of Beasts.
             The game lasted 00:31:16 (16911 turns).

leviel the Brawler (Troll Monk)                    Turns: 16911, Time: 00:31:17

Health: -3/128     AC:  6    Str: 23    XL:     13   Next: 83%
Magic:  0/12       EV: 13    Int:  8    God:    Jiyva [*.....]
Gold:   801        SH:  0    Dex: 13    Spells: 12/12 levels left

rFire    + . .     SeeInvis .     - Unarmed
rCold    + . .     Faith    .   (no shield)
rNeg     . . .     Spirit   +   r - +2 robe {Will+}
rPois    +         Reflect  .   (helmet restricted)
rElec    .         Harm     .   c - scarf {rC+ rF+}
rCorr    .         Rampage  .   (gloves unavailable)
Will     ++...                  (boots unavailable)
Stlth    +++.......             H - amulet of guardian spirit
HPRegen  1.31/turn              e - ring of willpower
MPRegen  0.13/turn              z - ring of poison resistance

@: lethally poisoned (-3 -> -17)
A: large, unfitting armour, claws 3, regeneration 1, shaggy fur 1, tough skin 1
a: Renounce Religion, Request Jelly


You were on level 5 of the Lair of Beasts.
You worshipped Jiyva.
Jiyva was aware of your devotion.
You visited 3 branches of the dungeon, and saw 22 of its levels.
You also visited: Sewer and Ossuary.

You collected 1315 gold pieces.
You spent 514 gold pieces at shops.

Inventory:

Missiles
 A - 12 curare-tipped darts
 C - 71 poisoned darts
Armour
 c - a scarf of resistance (worn)
 r - a +2 robe of willpower (worn)
Jewellery
 e - a ring of willpower (left claw)
 u - a +6 ring of strength
 v - a ring of flight
 z - a ring of poison resistance (right claw)
 H - an amulet of guardian spirit (around neck)
Wands
 i - a wand of iceblast (23)
 l - a wand of flame (24)
 x - a wand of acid (10) (quivered)
 y - a wand of digging (8)
 B - a wand of mindburst (8)
Scrolls
 a - a scroll of fear
 j - 9 scrolls of teleportation
 o - 2 scrolls of amnesia
 p - 3 scrolls of magic mapping
 s - 7 scrolls of identify {@r1}
 w - 2 scrolls of fog
 E - 2 scrolls of enchant armour {@r2}
 J - a scroll of holy word
Potions
 b - 4 potions of haste
 d - 7 potions of lignification
 f - 5 potions of attraction
 g - 4 potions of flight
 h - 5 potions of brilliance
 k - 3 potions of mutation
 m - 6 potions of curing
 q - a potion of resistance {unknown}
 t - a potion of heal wounds
 D - 6 potions of ambrosia {unknown}
 F - 2 potions of invisibility {unknown}
 I - a potion of cancellation {unknown}
Miscellaneous
 G - a box of beasts


   Skills:
 + Level 8.4 Fighting
 - Level 6.0 Throwing
 + Level 9.6 Dodging
 + Level 6.1 Stealth
 + Level 16.4 Unarmed Combat
 + Level 5.9 Evocations


You had 12 spell levels left.
You didn't know any spells.
Your spell library contained the following spells:

 Spells                   Type           Power      Damage    Failure   Level
 Foxfire                  Conj/Fire      0%         2x1d4     41%         1
 Ensorcelled Hibernation  Hex/Ice        0%         N/A       54%         2
 Poisonous Vapours        Pois/Air       0%         N/A       54%         2
 Conjure Flame            Conj/Fire      0%         6-21      78%         3
 Inner Flame              Hex/Fire       0%         N/A       78%         3
 Mephitic Cloud           Conj/Pois/Air  0%         N/A       78%         3
 Animate Armour           Summ/Erth      0%         N/A       99%         4
 Sticky Flame             Conj/Fire      0%         2d3       99%         4
 Bolt of Magma            Conj/Fire/Erth 0%         4d4       100%        5
 Borgnjor's Vile Clutch   Necr/Erth      0%         N/A       100%        5
 Fireball                 Conj/Fire      0%         3d3       100%        5
 Iskenderun's Battlesphe  Conj           0%         2d6       100%        5
 Silence                  Hex/Air        0%         N/A       100%        5
 Freezing Cloud           Conj/Ice/Air   0%         6-21      100%        6
 Iron Shot                Conj/Erth      0%         9d1       100%        6
 Shadow Creatures         Summ           N/A        N/A       100%        6
 Orb of Destruction       Conj           0%         N/A       100%        7
 Spellforged Servitor     Conj/Summ      0%         N/A       100%        7


Dungeon Overview and Level Annotations

Branches:
Dungeon (11/15)            Temple (0/1) D:7            Lair (6/6) D:10
 Shoals (0/4) Lair:2        Snake (0/4) Lair:2        Slime (5/5) Lair:5
  Sewer (visited)         Ossuary (visited)
    Orc: D:9-12

Altars:
Ashenzari
Elyvilon
Gozag
Kikubaaqudgha
Makhleb
Okawaru
Sif Muna
Xom
The Shining One
Jiyva

Shops:
D:5 [   D:9 *

Annotations:
Lair:1 1 runed translucent door, Wyvernaa's ghost, journeyman DDHu
Slime:5 Royal Jelly


Innate Abilities, Weirdness & Mutations

You are too large for most types of armour.
You have claws for hands.
Your natural rate of healing is unusually fast.
You are covered in fur. (AC +1)
You have tough skin. (AC +1)


Message History

The death yak is burned by acid!
The death yak gores you!
The wolf pauses to sniff the ground.
The jelly completely misses the death yak.
You barely miss the blink frog.
The blink frog is almost dead.
The blink frog blinks! x2; The death yak barely misses the jelly.
The death yak barely misses you.
You claw the death yak!
The death yak is lightly wounded.
The jelly barely misses the death yak.
The death yak gores the jelly.
The death yak is burned by acid!
The death yak gores the jelly!!
The jelly dies!
You mangle the death yak!!
The death yak is moderately wounded.
The blink frog blinks!
You claw the blink frog!
You kill the blink frog!
The death yak gores you. The wolf bites you but does no damage.
The death yak gores you!
You claw the death yak!
You claw the death yak, but do no damage.
The death yak is heavily wounded.
The wolf closely misses you.
You scratch the death yak but do no damage.
You claw the death yak, but do no damage.
The death yak is heavily wounded.
The black mamba misses you. The death yak gores you!!
The wolf bites you but does no damage. The death yak gores you!
The blink frog blinks!
The black mamba bites you! The wolf bites you.
* * * LOW HITPOINT WARNING * * *
The black mamba bites you!
* * * LOW HITPOINT WARNING * * *
You are poisoned.
The black mamba poisons you! The death yak gores you!!
* * * LOW HITPOINT WARNING * * *
The death yak gores you!
* * * LOW HITPOINT WARNING * * *
You climb upwards.
You die...

#......P..##...#.................
#.....P...#........#.....#..P....
........#............P...........
...........P...P...#..P..P.P.....
.............#...#...P..........P
...........................#.....
...........P.....#.P.............
...............Y.h...............
#...#..........#@S...............
......P...P#...Y.#.........#.....
...........P...P.................
.................................
..........#...................P..
..............................PPP
.............#...P.............P.
...........P.....................
#...P.....P.P#........#..........


You could see 2 death yaks, a black mamba and a wolf.

Vanquished Creatures
  Gastronok (Lair:1)
  Snorg (D:10)
  A boulder beetle (D:11)
  Fannar (D:10)
  5 hydras
  10 death yaks
  Nergalle (D:10)
  Sonja (D:10)
  An elephant (Lair:2)
  5 black mambas
  A torpor snail (Lair:5)
  Psyche (D:8)
  6 cane toads
  5 rime drakes
  8 komodo dragons
  A queen bee (Lair:2)
  A troll (D:10)
  7 blink frogs
  A snapping turtle (Lair:2)
  2 shadows
  Sigmund (D:3)
  2 wraiths (D:10)
  3 wyverns
  44 yaks
  Grum (D:10)
  2 basilisks (Lair:2)
  2 nagas (Lair:2)
  17 water moccasins
  Duvessa (D:6)
  3 orc warriors
  5 sky beasts
  An ice beast (D:7)
  Purgy (Sewer)
  2 black bears
  An ogre (D:4)
  23 wolves
  5 centaurs
  3 phantoms
  4 kobold brigands
  Blork the orc (D:4)
  A scorpion (D:7)
  11 bullfrogs
  3 water moccasin zombies
  Dowan (D:6)
  A wyvern skeleton (D:5)
  A water moccasin skeleton (D:6)
  27 killer bees (Lair:2)
  4 howler monkeys
  3 centaur zombies
  A hound (D:3)
  6 jellies
  4 orc priests
  A bullfrog skeleton (D:5)
  Jessica (D:2)
  4 iguanas
  Natasha (thrice) (D:3)
  7 orc wizards
  A hell rat (Lair:2)
  A hound skeleton (D:5)
  2 mummies (Ossuary)
  A howler monkey zombie (D:9)
  10 gnolls
  9 adders
  A howler monkey skeleton (D:3)
  2 river rats (Lair:2)
  A shadow imp (D:6)
  A white imp (D:5)
  An ufetubus (D:6)
  3 adder zombies (Ossuary)
  5 worms
  5 dart slugs
  19 orcs
  8 endoplasms
  2 giant cockroaches
  2 gnoll zombies (Ossuary)
  8 goblins
  10 hobgoblins
  3 quokkas
  5 ball pythons
  9 bats
  10 frilled lizards
  6 hobgoblin zombies (Ossuary)
  31 kobolds
  6 kobold zombies (Ossuary)
  3 orc zombies (Ossuary)
  2 rats
428 creatures vanquished.

Vanquished Creatures (others)
  3 jellies (Lair:6)
  A kobold (D:8)
  26 fungi
  51 plants
81 creatures vanquished.

Grand Total: 509 creatures vanquished

Notes
Turn   | Place    | Note
-------+----------+-------------------------------------------
     0 | D:1      | leviel the Troll Monk began the quest for the Orb.
     0 | D:1      | Reached XP level 1. HP: 22/22 MP: 0/0
    84 | D:1      | Reached XP level 2. HP: 29/29 MP: 1/1
   202 | D:1      | Reached XP level 3. HP: 36/36 MP: 2/2
   595 | D:2      | Reached XP level 4. HP: 36/45 MP: 3/3
   615 | D:2      | Reached skill level 4 in Unarmed Combat
   789 | D:2      | Noticed Jessica
   793 | D:2      | Killed Jessica
   831 | D:2      | Reached XP level 5. HP: 49/53 MP: 4/4
   943 | D:2      | Found a burning altar of Makhleb.
  1281 | D:3      | Found a glowing drain.
  1301 | Sewer    | Entered a sewer
  1411 | Sewer    | Noticed Purgy
  1425 | Sewer    | Killed Purgy
  1426 | Sewer    | Reached skill level 5 in Unarmed Combat
  1426 | Sewer    | Reached XP level 6. HP: 45/61 MP: 5/5
  1656 | D:3      | Noticed Natasha
  1671 | D:3      | Killed Natasha
  1702 | D:3      | Found a faded altar of an unknown god.
  1741 | D:3      | Noticed Sigmund
  1755 | D:3      | Killed Sigmund
  1756 | D:3      | Reached XP level 7. HP: 39/67 MP: 6/6
  1822 | D:3      | Noticed Natasha
  1825 | D:3      | Found a broken altar of Ashenzari.
  1827 | D:3      | Killed Natasha
  1828 | D:3      | Reached skill level 6 in Unarmed Combat
  1888 | D:3      | Noticed Natasha
  1890 | D:3      | Found a shimmering blue altar of Sif Muna.
  1894 | D:3      | Killed Natasha
  1895 | D:3      | Found a white marble altar of Elyvilon.
  2142 | D:4      | Noticed Blork the orc
  2149 | D:4      | Killed Blork the orc
  2567 | D:4      | Found a shimmering altar of Xom.
  2567 | D:4      | Found an iron altar of Okawaru.
  2793 | D:5      | Entered Level 5 of the Dungeon
  2848 | D:5      | Reached skill level 7 in Unarmed Combat
  2881 | D:5      | Reached XP level 8. HP: 55/78 MP: 7/7
  2891 | D:5      | Found a sand-covered staircase.
  2898 | Ossuary  | Entered an ossuary
  3147 | D:5      | Reached skill level 8 in Unarmed Combat
  3247 | D:5      | Reached skill level 5 in Dodging
  3263 | D:5      | Found a glowing golden altar of the Shining One.
  3339 | D:5      | Found Piedieli's Antique Armour Shoppe.
  3347 | D:5      | Bought an embroidered robe for 77 gold pieces
  3586 | D:6      | Noticed Duvessa
  3586 | D:6      | Noticed Dowan
  3598 | D:6      | Killed Duvessa
  3600 | D:6      | Killed Dowan
  3833 | D:6      | Reached skill level 9 in Unarmed Combat
  3908 | D:6      | Reached XP level 9. HP: 70/84 MP: 8/8
  4385 | D:7      | Reached skill level 10 in Unarmed Combat
  4402 | D:7      | Found a staircase to the Ecumenical Temple.
  4464 | D:7      | Found an ancient bone altar of Kikubaaqudgha.
  4602 | D:7      | Identified a scroll of acquirement
  4602 | D:7      | Acquired a manual of Unarmed Combat
  5041 | D:8      | Noticed Psyche
  5106 | D:8      | Killed Psyche
  5107 | D:8      | Reached skill level 11 in Unarmed Combat
  5734 | D:9      | Reached XP level 10. HP: 89/94 MP: 9/9
  5740 | D:9      | Reached skill level 12 in Unarmed Combat
  6345 | D:9      | Found Nuuc Por's Serpentskin Sales.
  6359 | D:9      | Bought a ring of poison resistance for 240 gold pieces
  6359 | D:9      | Bought 3 curare-tipped darts for 21 gold pieces
  6359 | D:9      | Bought 11 poisoned darts for 52 gold pieces
  6359 | D:9      | Bought 16 poisoned darts for 76 gold pieces
  6359 | D:9      | Bought 10 poisoned darts for 48 gold pieces
  6390 | D:9      | Identified the +4 war axe of Seusk {vorpal, *Noise +Blink
                  | rN+ Dex+10}
  6502 | D:10     | Entered Level 10 of the Dungeon
  6590 | D:10     | Noticed Nergalle
  6592 | D:10     | Noticed Fannar
  6604 | D:10     | Killed Nergalle
  6605 | D:10     | Reached skill level 13 in Unarmed Combat
  6797 | D:10     | Reached skill level 1 in Throwing
  6807 | D:10     | Killed Fannar
  6861 | D:10     | Found an opulent altar of Gozag.
  6898 | D:10     | Found a staircase to the Lair.
  6936 | D:10     | Noticed Grum
  6945 | D:10     | Reached skill level 5 in Fighting
  7026 | D:10     | Killed Grum
  7121 | D:10     | Reached skill level 1 in Evocations
  7218 | D:10     | Noticed Snorg
  7234 | D:10     | Killed Snorg
  7235 | D:10     | Reached XP level 11. HP: 78/104 MP: 10/10
  7289 | D:10     | Noticed Sonja
  7295 | D:10     | Killed Sonja
  7296 | D:10     | Reached skill level 14 in Unarmed Combat
  7626 | D:11     | Noticed a boulder beetle
  7634 | D:11     | Killed a boulder beetle
  8232 | Lair:1   | Entered Level 1 of the Lair of Beasts
  8573 | Lair:1   | Noticed Gastronok
  8592 | Lair:1   | Killed Gastronok
  8759 | Lair:1   | Found a runed translucent door.
  8759 | Lair:1   | Noticed Wyvernaa's ghost (journeyman DDHu)
  9336 | Lair:2   | Found a staircase to the Snake Pit.
  9704 | Lair:2   | Reached XP level 12. HP: 115/115 MP: 11/11
 10052 | Lair:2   | Reached skill level 15 in Unarmed Combat
 10091 | Lair:2   | Reached skill level 5 in Throwing
 10812 | Lair:2   | Noticed a four-headed hydra
 10823 | Lair:2   | Reached skill level 5 in Stealth
 10831 | Lair:2   | Killed a four-headed hydra
 11357 | Lair:2   | Found a staircase to the Shoals.
 12826 | Lair:3   | Noticed a five-headed hydra
 12833 | Lair:3   | Killed a five-headed hydra
 13131 | Lair:4   | Reached XP level 13. HP: 124/124 MP: 12/12
 13516 | Lair:4   | Reached skill level 5 in Evocations
 13543 | Lair:4   | Reached skill level 16 in Unarmed Combat
 14489 | Lair:5   | Found a runed translucent door.
 14863 | Lair:5   | Found a viscous altar of Jiyva.
 14864 | Lair:5   | Found a staircase to the Slime Pits.
 15181 | Lair:5   | Identified the -3 cloak "Hiogoasi" {rPois Dex+3}
 15243 | Lair:5   | Became a worshipper of Jiyva Jack the Shapeless
 15243 | Lair:5   | Reached * piety under Jiyva
 15243 | Lair:5   | Reached ** piety under Jiyva
 15246 | Slime:1  | Entered Level 1 of the Pits of Slime
 15246 | Slime:1  | Noticed an acid blob
 15249 | Slime:1  | Noticed a quicksilver ooze
 15340 | Slime:2  | Noticed a rockslime
 15363 | Slime:2  | Noticed an acid blob
 15453 | Slime:2  | Noticed an azure jelly
 15473 | Slime:2  | Noticed an azure jelly
 15526 | Slime:2  | You fall into a shaft and drop 1 floor!
 15578 | Slime:3  | Noticed an acid blob
 15587 | Slime:3  | Noticed a rockslime
 15604 | Slime:3  | Noticed a quicksilver ooze
 15613 | Slime:3  | Noticed a rockslime
 15618 | Slime:3  | Noticed an azure jelly
 15820 | Slime:4  | Noticed a rockslime
 15820 | Slime:4  | Noticed an acid blob
 15831 | Slime:4  | Noticed an acid blob
 15953 | Slime:5  | Entered Level 5 of the Pits of Slime
 15953 | Slime:5  | Noticed an azure jelly
 15975 | Slime:5  | Noticed a quicksilver ooze
 15977 | Slime:5  | Noticed an acid blob
 15980 | Slime:5  | Noticed a quicksilver ooze
 15985 | Slime:5  | Noticed an acid blob
 15998 | Slime:5  | Noticed an acid blob
 15999 | Slime:5  | Noticed an acid blob
 16007 | Slime:5  | Noticed an acid blob
 16015 | Slime:5  | Noticed the Royal Jelly
 16015 | Slime:5  | Noticed a quicksilver ooze
 16025 | Slime:5  | Noticed a quicksilver ooze
 16030 | Slime:5  | Noticed a quicksilver ooze
 16048 | Slime:5  | Noticed a quicksilver ooze
 16085 | Slime:5  | Noticed an acid blob
 16125 | Slime:5  | Noticed a rockslime
 16136 | Slime:5  | Found a viscous altar of Jiyva.
 16280 | Lair:6   | Entered Level 6 of the Lair of Beasts
 16910 | Lair:6   | HP: 3/128 [death yak (7)]
 16911 | Lair:5   | Succumbed to a black mamba's poison

Illustrated notes

Levels and vault maps discovered:
D:1:      dpeg_arrival_rooms_c, layout_basic
D:2:      layout_basic, basic_altar, minmay_ruptured, uniq_jessica
D:3:      layout_rooms, grunt_temple_overflow_open, cheibrodos_sewer_entry_bend,
          hellmonk_ecumenical_altar_prayer_group, minmay_misc_feat_tower,
          grunt_ministairs_14, uniq_sigmund, uniq_natasha
D:4:      black_bear_nest_1, layout_loops_ring,
          gammafunk_temple_overflow_elements, uniq_blork_the_orc
D:5:      layout_rooms, nicolae_tso_swordbearing_angel, serial_shops,
          nicolae_shop_statue_plus, lightli_ossuary_entry_decrepit_ruins
D:6:      layout_gridville, uniq_duvessa
D:7:      layout_cave_pools, nicolae_overflow_crystal_walls,
          minmay_temple_entry_ruins
D:8:      layout_rooms, minmay_misc_feat_five, uniq_psyche
D:9:      layout_loops_ring, guppyfry_shop_venom
D:10:     layout_gridville, grunt_gozag_breadcrumbs, lair_entry_dummy,
          uniq_grum, uniq_sonja, uniq_fannar, uniq_snorg, uniq_nergalle
D:11:     layout_basic
Lair:1:   layout_regular_city, gammafunk_ghost_grave, uniq_gastronok
Lair:2:   regret_index_wax_grids, layout_regular_city, minmay_shoals_entry_hut,
          guppyfry_snake_entry_island, chequers_serial_rivers_marsh,
          grunt_megastairs_5
Lair:3:   layout_cave_pods, cheibrodos_lair_reptile_den, serial_bayou_shore_a
Lair:4:   beast_lair_carwin_large_1, layout_cave_pods, minivault_25
Lair:5:   layout_long_grid, dpeg_slime_entry_enclosed_altar, pf_torpor_hydra,
          grunt_megastairs_1
Lair:6:   grunt_lair_end_beastmaster, layout_small_grid,
          grunt_forest_large_clearings
Slime:1:  layout_caves
Slime:2:  layout_caves
Slime:3:  layout_caves
Slime:4:  layout_caves, uniq_dissolution
Slime:5

Skill      XL: |  1  2  3  4  5  6  7  8  9 10 11 12 13 |
---------------+----------------------------------------+-----
Fighting       | 3 4 5 6 7 8 |  8.4
Unarmed Combat | 4 5 7 9 11 13 14 15 16 | 16.4
Dodging        | 3 4 5 6 7 8 9 |  9.6
Stealth        | 2 3 4 5 6 |  6.1
Throwing       | 2 4 6 |  6.0
Evocations     | 1 3 4 5 |  5.9

Action                   |  1- 3 |  4- 6 |  7- 9 | 10-12 | 13-15 || total
-------------------------+-------+-------+-------+-------+-------++-------
Melee: Unarmed           |    59 |   174 |   325 |   558 |   249 ||  1365
       Punch             |     1 |       |    12 |    49 |    23 ||    85
Throw: Dart              |       |       |       |    16 |       ||    16
Invok: Request Jelly     |       |       |       |       |     1 ||     1
Evoke: Wand              |       |       |       |    12 |    11 ||    23
  Use: Potion            |     1 |     1 |     1 |     2 |     1 ||     6
       Scroll            |     2 |     5 |    16 |     3 |     2 ||    28
 Stab: Sleeping          |     1 |     3 |     7 |     5 |     3 ||    19
       Distracted        |       |       |       |     3 |     1 ||     4
       Paralysed         |       |       |       |       |     6 ||     6
Armor: Robe              |    13 |    55 |    79 |   123 |    59 ||   329
Dodge: Dodged            |    23 |   110 |   187 |   338 |   153 ||   811

Table legend: (Time is in decaauts)
 A = Elapsed time spent in this place.
 B = Non-inter-level travel time spent in this place.
 C = Inter-level travel time spent in this place.
 D = Time resting spent in this place.
 E = Time spent auto-exploring this place.
 F = Levels seen in this place.
 G = Mean time per level.
                   A        B        C        D        E       F      G
               +--------+--------+--------+--------+--------+-----+--------+
         Total |  16639 |  15788 |    851 |   2933 |  10082 |  24 |  693.3 |
       Dungeon |   7764 |   7323 |    441 |    648 |   5333 |  11 |  705.8 |
          Lair |   7522 |   7229 |    293 |   2285 |   3766 |   6 | 1253.7 |
    Slime Pits |    995 |    879 |    116 |      0 |    762 |   5 |  199.0 |
         Sewer |    175 |    175 |      0 |      0 |    123 |   1 |  175.0 |
       Ossuary |    181 |    181 |      0 |      0 |     98 |   1 |  181.0 |
               +--------+--------+--------+--------+--------+-----+--------+

Top non-repeatable levels by time:
  Lair:2: 2531 daAuts
  Lair:5: 1496 daAuts
  Lair:3: 1272 daAuts
  Lair:4: 1179 daAuts
  Lair:1: 994 daAuts
     D:9: 993 daAuts
    D:10: 788 daAuts
     D:3: 765 daAuts
     D:7: 726 daAuts
     D:6: 724 daAuts
    D:11: 709 daAuts
     D:4: 661 daAuts
     D:2: 643 daAuts
     D:8: 630 daAuts
     D:5: 592 daAuts
